 Dungeon Crawl Stone Soup version 0.22.1 (webtiles) character file.

101 sbiou the Charmwright (level 4, 0/38 HPs)
             Began as a Gnoll Skald on Sept 13, 2018.
             Was an Initiate of Okawaru.
             Killed by nerve-wracking pain
             ... invoked by Grinder
              (4 damage)
             ... on level 3 of the Dungeon on Sept 17, 2018.
             The game lasted 00:06:02 (1333 turns).

sbiou the Charmwright (Gnoll Skald)                 Turns: 1333, Time: 00:06:03

Health: 0/38       AC:  6    Str: 14    XL:     4   Next: 75%
Magic:  11/11      EV:  7    Int: 15    God:    Okawaru [......]
Gold:   25         SH: 11    Dex: 15    Spells: 12/13 levels left

rFire    . . .     SeeInvis .   l - +2 rapier (speed)
rCold    . . .     Gourm    .   m - +0 large shield
rNeg     . . .     Faith    .   f - +0 scale mail (curse)
rPois    .         Spirit   .   (no helmet)
rElec    .         Reflect  .   (no cloak)
rCorr    .         Harm     .   (no gloves)
MR       .....                  (no boots)
Stlth    ..........             (no amulet)
HPRegen  0.12/turn              (no ring)
MPRegen  0.12/turn              (no ring)

@: no status effects
A: distributed training, fangs 1, strong nose
a: Renounce Religion


You were on level 3 of the Dungeon.
You worshipped Okawaru.
Okawaru was noncommittal.
You were hungry.

You visited 1 branch of the dungeon, and saw 3 of its levels.

You collected 25 gold pieces.

Inventory:

Hand Weapons
 a - a +0 spear
 c - a +0 short sword
 e - a +0 club
 l - a +2 rapier of speed (weapon)
Armour
 b - a +0 leather armour
 f - a cursed +0 scale mail (worn)
 m - a +0 large shield (worn)
Scrolls
 g - 3 scrolls of teleportation {unknown}
 h - 4 scrolls of identify {unknown}
 j - a scroll of enchant armour {unknown}
 n - a scroll of noise {unknown}
Potions
 i - a potion of curing {unknown}
 k - a potion of agility {unknown}
Comestibles
 d - 2 rations


   Skills:
 + Level 4.7 Fighting
 + Level 1.2 Short Blades
 + Level 1.2 Long Blades
 + Level 1.2 Axes
 + Level 1.2 Maces & Flails
 + Level 4.7 Polearms
 + Level 1.2 Staves
 + Level 1.2 Slings
 + Level 1.2 Bows
 + Level 1.2 Crossbows
 + Level 1.2 Throwing
 + Level 2.8 Armour
 + Level 4.7 Dodging
 + Level 1.2 Stealth
 + Level 1.2 Shields
 + Level 1.2 Unarmed Combat
 + Level 5.1 Spellcasting
 + Level 1.0 Conjurations
 + Level 1.0 Hexes
 + Level 5.5 Charms
 + Level 1.0 Summonings
 + Level 1.0 Necromancy
 + Level 1.0 Translocations
 + Level 1.0 Transmutations
 + Level 1.0 Fire Magic
 + Level 1.0 Ice Magic
 + Level 1.0 Air Magic
 + Level 1.0 Earth Magic
 + Level 1.0 Poison Magic
 + Level 1.3 Invocations
 + Level 1.2 Evocations


You had 12 spell levels left.
You knew the following spells:

 Your Spells              Type           Power        Failure   Level  Hunger
a - Infusion              Chrm           ###.         83%         1    None

Your spell library contained the following spells:

 Spells                   Type           Power        Failure   Level  Hunger
 Song of Slaying          Chrm           ###.....     93%         2    ##.....
 Shroud of Golubria       Chrm/Tloc      ##........   99%         2    ##.....
 Regeneration             Chrm/Necr      ##........   100%        3    ###....
 Spectral Weapon          Hex/Chrm       ##......     100%        3    ###....


Dungeon Overview and Level Annotations

Branches:
Dungeon (3/15)

Altars:
Okawaru
Xom

Annotations:
D:3 Grinder


Innate Abilities, Weirdness & Mutations

Your experience applies equally to all skills.
You have very sharp teeth.
Your uncanny sense of smell can sniff out nearby items.


Message History

You closely miss the leopard gecko.
Grinder says, "FISH!"
Grinder barely misses you. The leopard gecko bites you.
* * * LOW HITPOINT WARNING * * *
You completely miss the leopard gecko. Your bite misses the leopard gecko.
You block the leopard gecko's attack. You block Grinder's attack.
You closely miss the leopard gecko. You block the leopard gecko's attack.
Grinder hits you but does no damage.
The leopard gecko bites you but does no damage.
You closely miss the leopard gecko. Grinder hits you.
* * * LOW HITPOINT WARNING * * *
You writhe in agony.
* * * LOW HITPOINT WARNING * * *
The leopard gecko bites you.
* * * LOW HITPOINT WARNING * * *
You hit the leopard gecko but do no damage.
Your bite misses the leopard gecko. Grinder gestures at you.
Pain shoots through your body!
You die...

#.......#
#..>.....
########........
#...............
#.......<.#
#.........#######
#......$.........
#.........#####..
#....†.5@†#
#....>...l#
##.##..###.... #.
##.# ...# #.#
..... ... ...#..
#.§ .... . #...
##..!


You could see Grinder and a leopard gecko.

Vanquished Creatures
  5 adders
  An ooze (D:1)
  2 worms (D:3)
  A dart slug (D:2)
  2 ball pythons
  2 giant cockroaches
  9 goblins
  4 hobgoblins
  A quokka (D:2)
  11 bats
  5 frilled lizards
  2 kobolds
  4 rats
49 creatures vanquished.

Notes
Turn   | Place    | Note
-------+----------+-------------------------------------------
     0 | D:1      | sbiou the Gnoll Skald began the quest for the Orb.
     0 | D:1      | Reached XP level 1. HP: 20/20 MP: 6/6
     0 | D:1      | Upgraded the game from 0.22.0-75-g3901e79 to 0.22.1
    60 | D:1      | Reached XP level 2. HP: 15/26 MP: 7/7
   302 | D:1      | Reached XP level 3. HP: 5/31 MP: 9/9
   368 | D:1      | Reached skill level 5 in Spellcasting
   623 | D:2      | Reached skill level 1 in Invocations
   693 | D:2      | Found an iron altar of Okawaru.
   738 | D:2      | Found a shimmering altar of Xom.
   897 | D:2      | Reached skill level 1 in Short Blades
   897 | D:2      | Reached skill level 1 in Long Blades
   897 | D:2      | Reached skill level 1 in Axes
   897 | D:2      | Reached skill level 1 in Maces & Flails
   897 | D:2      | Reached skill level 1 in Staves
   897 | D:2      | Reached skill level 1 in Slings
   897 | D:2      | Reached skill level 1 in Bows
   897 | D:2      | Reached skill level 1 in Crossbows
   897 | D:2      | Reached skill level 1 in Throwing
   897 | D:2      | Reached skill level 1 in Stealth
   897 | D:2      | Reached skill level 1 in Shields
   897 | D:2      | Reached skill level 1 in Unarmed Combat
   897 | D:2      | Reached skill level 1 in Evocations
   903 | D:2      | Reached XP level 4. HP: 32/38 MP: 11/11
  1268 | D:2      | Became a worshipper of Warmaster Okawaru
  1308 | D:3      | Reached skill level 1 in Conjurations
  1308 | D:3      | Reached skill level 1 in Hexes
  1308 | D:3      | Reached skill level 1 in Summonings
  1308 | D:3      | Reached skill level 1 in Necromancy
  1308 | D:3      | Reached skill level 1 in Translocations
  1308 | D:3      | Reached skill level 1 in Transmutations
  1308 | D:3      | Reached skill level 1 in Fire Magic
  1308 | D:3      | Reached skill level 1 in Ice Magic
  1308 | D:3      | Reached skill level 1 in Air Magic
  1308 | D:3      | Reached skill level 1 in Earth Magic
  1308 | D:3      | Reached skill level 1 in Poison Magic
  1322 | D:3      | Noticed Grinder
  1333 | D:3      | Killed from afar by Grinder

Skill      XL: |  1  2  3  4 |
---------------+-------------+-----
Spellcasting   | 5 |  5.1
Invocations    | 1 |  1.3
Short Blades   | 1 |  1.2
Long Blades    | 1 |  1.2
Axes           | 1 |  1.2
Maces & Flails | 1 |  1.2
Staves         | 1 |  1.2
Slings         | 1 |  1.2
Bows           | 1 |  1.2
Crossbows      | 1 |  1.2
Throwing       | 1 |  1.2
Stealth        | 1 |  1.2
Shields        | 1 |  1.2
Unarmed Combat | 1 |  1.2
Evocations     | 1 |  1.2
Conjurations   | 1 |  1.0
Hexes          | 1 |  1.0
Summonings     | 1 |  1.0
Necromancy     | 1 |  1.0
Translocations | 1 |  1.0
Transmutations | 1 |  1.0
Fire Magic     | 1 |  1.0
Ice Magic      | 1 |  1.0
Air Magic      | 1 |  1.0
Earth Magic    | 1 |  1.0
Poison Magic   | 1 |  1.0
Fighting       | |  4.7
Polearms       | |  4.7
Armour         | |  2.8
Dodging        | |  4.7
Charms         | |  5.5

Action                   |  1- 3 |  4- 6 || total
-------------------------+-------+-------++-------
Melee: Spear             |    19 |       ||    19
       Club              |   134 |       ||   134
       Bite              |    13 |     4 ||    17
       Rapier            |    11 |    47 ||    58
  Eat: Chunk             |       |     1 ||     1
Armor: Leather armour    |    10 |       ||    10
       Scale mail        |    93 |    17 ||   110
Dodge: Dodged            |   185 |    11 ||   196
Block: Large shield      |       |    32 ||    32
